 Dungeon Crawl Stone Soup version 0.25-a0-860-gf695395b5c (webtiles) character file.

Game seed: 15454678590775630309, levelgen mode: deterministic

2188 sanka the Frost Mage (level 9, 0/57 HPs)
             Began as a Barachi Ice Elementalist on Apr 28, 2020.
             Was an Initiate of Vehumet.
             Slain by Harold
             ... wielding a +0 flail
              (5 damage)
             ... on level 7 of the Dungeon.
             The game lasted 00:16:38 (7719 turns).

sanka the Frost Mage (Barachi Ice Elementalist)     Turns: 7719, Time: 00:16:38

Health: 0/57       AC:  6    Str: 10    XL:     9   Next: 33%
Magic:  1/18       EV: 13    Int: 19    God:    Vehumet [......]
Gold:   449        SH:  0    Dex: 12    Spells: 5/20 levels left

rFire    . . .     SeeInvis .   y - +5 whip (drain)
rCold    + . .     Gourm    .   (no shield)
rNeg     + . .     Faith    .   x - +2 leather armour {rN+}
rPois    .         Spirit   .   (no helmet)
rElec    .         Reflect  .   (no cloak)
rCorr    .         Harm     .   (no gloves)
MR       .....                  J - +0 pair of boots
Stlth    ++........             (no amulet)
HPRegen  0.19/turn              i - +1 ring of evasion
MPRegen  0.16/turn              H - ring of protection from cold

@: marked, frozen ramparts, slow
A: +LOS, swims, slowness 1, strong legs 1
a: Hop, Renounce Religion


You were on level 7 of the Dungeon.
You worshipped Vehumet.
Vehumet was noncommittal.
You were near starving.

You visited 2 branches of the dungeon, and saw 8 of its levels.
You also visited: Sewer.

You collected 449 gold pieces.


Innate Abilities, Weirdness & Mutations

You can be seen from farther away. (+LOS)
You can swim through water.
You cover ground slowly.
You can hop short distances.


   Skills:
 - Level 2.1 Dodging
 - Level 1.7 Stealth
 - Level 6.0 Spellcasting
 - Level 4.0 Conjurations
 - Level 4.0 Summonings
 + Level 11.9 Ice Magic


You had 5 spell levels left.
You knew the following spells:

 Your Spells              Type           Power        Failure   Level  Hunger
a - Ozocubu's Armour      Chrm/Ice       ####....     4%          3    ##.....
u - Hailstorm             Conj/Ice       #####...     6%          4    ####...
x - Summon Ice Beast      Ice/Summ       #####...     6%          4    ####...
y - Frozen Ramparts       Ice            ######       1%          3    ##.....
z - Freeze                Ice            ####         1%          1    None

Your spell library contained the following spells:

 Spells                   Type           Power        Failure   Level  Hunger
 Shock                    Conj/Air       ##..         7%          1    None
 Ice Form                 Ice/Tmut       ####....     13%         4    ####...
 Beastly Appendage        Tmut           #.....       16%         1    None
 Recall                   Summ/Tloc      N/A          21%         3    ##.....
 Static Discharge         Conj/Air       ##......     21%         3    ##.....
 Sticks to Snakes         Tmut           #.......     22%         2    None
 Swiftness                Chrm/Air       #.......     22%         2    None
 Spider Form              Tmut/Pois      #.........   41%         3    ##.....
 Aura of Abjuration       Summ           ###.......   63%         5    #####..
 Summon Demon             Summ           ###.......   63%         5    #####..
 Airstrike                Air            #.........   83%         4    ####...
 Lightning Bolt           Conj/Air       ##........   88%         5    #####..
 Summon Forest            Summ/Tloc      ##........   88%         5    #####..
 Summon Mana Viper        Hex/Summ       ##......     88%         5    #####..
 Blade Hands              Tmut           #.........   99%         5    #####..
 Shadow Creatures         Summ           N/A          99%         6    #######

Inventory:

Hand Weapons
 a - a +0 hunting sling
 b - a +0 glaive
 j - a +0 whip
 y - a +5 whip of draining (weapon)
 z - a +0 morningstar
 B - a +0 halberd
Missiles
 d - 186 stones (quivered)
 e - 4 curare-tipped darts {=f}
Armour
 x - a +2 leather armour of positive energy (worn)
 J - a +0 pair of boots (worn)
Jewellery
 i - a +1 ring of evasion (left hand)
 H - a ring of protection from cold (right hand)
Scrolls
 f - a scroll of blinking {unknown}
 g - 3 scrolls of fear {unknown}
 n - 3 scrolls of enchant armour {unknown}
 r - 3 scrolls of remove curse {unknown}
 s - 4 scrolls of teleportation {unknown}
 t - 3 scrolls of identify {unknown}
 A - a scroll of amnesia {unknown}
 C - 2 scrolls of enchant weapon {unknown}
 D - a scroll of immolation {unknown}
 E - a scroll of silence {unknown}
 F - a scroll of magic mapping {unknown}
 I - a scroll of fog {unknown}
Potions
 h - 3 potions of brilliance {unknown}
 k - 7 potions of curing {@q1}
 l - 2 potions of magic {unknown}
 m - 3 potions of lignification {unknown}
 o - a potion of degeneration {unknown}
 q - 5 potions of might {unknown}
 u - 2 potions of flight {unknown}
 v - 2 potions of heal wounds {unknown}
 w - a potion of stabbing {unknown}
 G - a potion of mutation {unknown}
Comestibles
 c - 12 rations

Dungeon Overview and Level Annotations

Branches:
Dungeon (7/15)             Temple (1/1) D:6           Sewer (visited)

Altars:
Ashenzari
Nemelex Xobeh
Okawaru
Qazlal
Uskayaw
Vehumet
Zin

Annotations:
D:7 Harold

... ▒▒▒▒ ▒.▒
...▒ ....▒...
▒.▒ ...
....▒.▒. ▒.▒...
........▒+▒.▒.▒
..............▒
...........<..▒
...........o▒.▒
▒▒....@.).▒ ▒
▒....▒F▒.▒
▒....▒.▒.▒
.......▒.▒..
........▒.▒▒▒o
........▒.▒ ▒
.......▒▒.▒
....▒▒▒ ▒..
.... ▒▒▒


You could see Harold and an orc warrior.


Message History

The wall freezes Harold.
Harold casts a spell at you. A sentinel's mark forms upon you.
You aren't carrying any items that you can evoke without wielding.
Harold is nearby!
Unknown command.
Okay, then.
It was a potion of curing.
Harold resists.
The wall freezes Harold.
Harold points at you and mumbles some strange words.
The mark upon you grows brighter.
Your icy armour cracks and falls away as you move.
Harold resists.
The wall freezes Harold.
Harold fires a harpoon shot at you. The harpoon shot hits you!
* * * LOW HITPOINT WARNING * * *
You are yanked forward by the harpoon shot.
You sense an unholy aura.
y - a +5 whip of draining (weapon)
Harold resists.
The wall freezes Harold.
Harold hits you but does no damage.
You barely miss Harold.
Harold is almost dead.
Harold resists.
The wall freezes Harold.
Harold hits you with a +0 flail.
You die...

Action                   |  1- 3 |  4- 6 |  7- 9 || total
-------------------------+-------+-------+-------++-------
Melee: Whip              |     9 |       |    33 ||    42
       Halberd           |       |     8 |    12 ||    20
       Morningstar       |       |       |     2 ||     2
       Glaive            |       |       |     8 ||     8
 Fire: Hunting sling     |     9 |    77 |   108 ||   194
Throw: Stone             |     6 |       |       ||     6
 Cast: Freeze            |    53 |    54 |    79 ||   186
       Frozen Ramparts   |       |    11 |    14 ||    25
       Ozocubu's Armour  |       |     6 |    12 ||    18
       Summon Ice Beast  |       |       |     4 ||     4
 Abil: Hop               |       |       |     1 ||     1
  Use: Potion            |       |       |     1 ||     1
  Eat: Chunk             |     5 |     9 |    12 ||    26
Armor: Robe              |     7 |     4 |     6 ||    17
       Leather armour    |       |       |    40 ||    40
Dodge: Dodged            |    28 |    34 |   118 ||   180

Levels and vault maps discovered:
D:1:      dpeg_arrival_simpleton_a, layout_basic,
          chequers_serial_rivers_small_3, minivault_5, minmay_heptomino_l4
D:2:      kennysheep_big_flooded_room, layout_loops_corners
D:3:      layout_loops_ring, portal_sewer_entry_d, first_ration, minivault_5
D:4:      minmay_chambers_of_twos, layout_cave_pods
D:5:      cheibrodos_barr_body, layout_basic, basic_altar, uniq_sigmund
D:6:      layout_gridville, minmay_temple_entry_antechambers
D:7:      layout_basic, overflow_temple_1_default, the_bakery, uniq_harold
Temple:   nicolae_temple_the_god_donut

Notes
Turn   | Place    | Note
-------+----------+-------------------------------------------
     0 | D:1      | sanka the Barachi Ice Elementalist began the quest for the
                  | Orb.
     0 | D:1      | Reached XP level 1. HP: 13/13 MP: 3/3
   359 | D:1      | Reached XP level 2. HP: 19/19 MP: 2/5
   419 | D:1      | Reached skill level 3 in Spellcasting
  1310 | D:1      | Reached XP level 3. HP: 22/24 MP: 4/8
  1315 | D:1      | Learned a level 3 spell: Frozen Ramparts
  1319 | D:1      | Learned a level 3 spell: Ozocubu's Armour
  1744 | D:2      | Reached skill level 5 in Ice Magic
  2435 | D:3      | Reached XP level 4. HP: 20/30 MP: 4/9
  2592 | D:3      | Reached skill level 4 in Spellcasting
  2604 | D:3      | Learned a level 4 spell: Summon Ice Beast
  2744 | D:3      | Reached skill level 1 in Summonings
  2744 | D:3      | Reached skill level 6 in Ice Magic
  2744 | D:3      | Reached XP level 5. HP: 35/35 MP: 8/11
  2933 | D:3      | Found a glowing drain.
  2945 | Sewer    | Entered a sewer
  3504 | Sewer    | Noticed a big kobold
  3517 | Sewer    | Killed a big kobold
  3517 | Sewer    | Reached skill level 2 in Summonings
  3517 | Sewer    | Reached skill level 7 in Ice Magic
  3517 | Sewer    | Reached XP level 6. HP: 34/41 MP: 2/12
  4083 | D:4      | Reached skill level 3 in Summonings
  4448 | D:4      | Reached skill level 4 in Summonings
  4453 | D:4      | Reached XP level 7. HP: 33/46 MP: 5/13
  4581 | D:4      | Reached skill level 8 in Ice Magic
  5361 | D:5      | Entered Level 5 of the Dungeon
  5361 | D:5      | Found an iron altar of Okawaru.
  5403 | D:5      | Reached skill level 5 in Spellcasting
  5465 | D:5      | Noticed Sigmund
  5469 | D:5      | Reached XP level 8. HP: 32/52 MP: 0/16
  5488 | D:4      | Reached skill level 9 in Ice Magic
  5661 | D:5      | Killed Sigmund
  5770 | D:5      | Learned a level 4 spell: Hailstorm
  5861 | D:5      | Reached skill level 6 in Spellcasting
  5861 | D:5      | Reached skill level 1 in Conjurations
  5950 | D:5      | Reached skill level 2 in Conjurations
  5963 | D:5      | Reached skill level 10 in Ice Magic
  5977 | D:5      | Reached skill level 3 in Conjurations
  6548 | D:6      | Reached skill level 4 in Conjurations
  6548 | D:6      | Reached XP level 9. HP: 57/57 MP: 10/18
  6839 | D:6      | Reached skill level 11 in Ice Magic
  7056 | D:6      | Found a staircase to the Ecumenical Temple.
  7082 | Temple   | Entered the Ecumenical Temple
  7090 | Temple   | Became a worshipper of Vehumet
  7697 | D:7      | Noticed Harold
  7712 | D:7      | HP: 4/57 [Harold/+0 flail (4)]
  7717 | D:7      | HP: 5/57 [Harold/harpoon shot (9)]
  7719 | D:7      | Slain by Harold

Vanquished Creatures
  Sigmund (D:5)
  A black bear (D:6)
  An orc warrior (D:6)
  2 ogres
  2 centaurs (D:5)
  A big kobold (Sewer)
  A bullfrog (D:5)
  4 scorpions
  A howler monkey (D:5)
  3 crimson imps
  A quasit (D:6)
  2 jellies (D:6)
  2 orc priests
  3 hounds
  A centaur skeleton (D:4)
  3 iguanas
  3 worker ants
  4 orc wizards
  5 gnolls
  6 adders
  A shadow imp (D:5)
  3 oozes
  A worm (D:3)
  3 adder skeletons
  3 dart slugs
  2 leopard geckos
  30 orcs
  6 bats
  4 giant cockroaches
  7 goblins
  3 hobgoblins
  8 jackals
  A quokka (D:5)
  2 ball pythons
  10 frilled lizards
  A giant cockroach zombie (D:5)
  24 kobolds
  A leopard gecko zombie (D:5)
  A quokka skeleton (D:4)
  12 rats
170 creatures vanquished.

Vanquished Creatures (collateral kills)
  3 ice beasts
  A water moccasin zombie (D:6)
4 creatures vanquished.

Grand Total: 174 creatures vanquished
